 Dungeon Crawl Stone Soup version 0.29.0-4-gdea44cf6ec (webtiles) character file.

Game seed: 12062145123587308328

226 qw the Chopper (level 6, 0/35 HPs)
             Began as a Tengu Warper on Aug 28, 2022.
             Slain by an ufetubus (4 damage)
             ... summoned by Eustachio
             ... on level 4 of the Dungeon.
             The game lasted 00:00:21 (4245 turns).

qw the Chopper (Tengu Warper)                       Turns: 4245, Time: 00:00:22

Health: 0/35       AC:  8    Str: 13      XL:     6   Next: 1%
Magic:  10/10      EV: 11    Int: 13      God:
Gold:   141        SH:  0    Dex: 11 (14) Spells: 9/9 levels left

rFire   . . .      SeeInvis +   Y - +0 hand axe (chaos)
rCold   . . .      Faith    .   (no shield)
rNeg    . . .      Spirit   .   a - +0 scale mail
rPois   .          Reflect  .   b - +2 hat {SInv}
rElec   .          Harm     .   (no cloak)
rCorr   .          Rampage  .   (no gloves)
Will    .....                   (boots unavailable)
Stlth   ..........              (no amulet)
HPRegen 0.11/turn               (no ring)
MPRegen 0.12/turn               (no ring)

@: flying quickly and evasively, quick
A: beak, talons 3, nimble flight
a: no special abilities


You were on level 4 of the Dungeon.
You visited 1 branch of the dungeon, and saw 4 of its levels.

You collected 141 gold pieces.


Innate Abilities, Weirdness & Mutations

You have a beak for a mouth.
You have claws for feet.
Your magical nature lets you fly swiftly and evasively.


   Skills:
 - Level 2.0 Fighting
 + Level 6.6 Axes
 - Level 1.0 Throwing
 - Level 1.1 Armour
 - Level 2.1 Dodging
 - Level 2.0 Spellcasting
 - Level 2.4 Translocations


You had 9 spell levels left.
You didn't know any spells.
Your spell library contained the following spells:

 Spells                   Type           Power      Damage    Failure   Level
 Blink                    Tloc           14%        N/A       56%         2
 Gell's Gravitas          Tloc           7%         N/A       80%         3
 Lesser Beckoning         Tloc           7%         N/A       80%         3
 Teleport Other           Tloc           7%         N/A       80%         3
 Manifold Assault         Tloc           7%         N/A       100%        5

Inventory:

Hand Weapons
 f - a +0 morningstar
 Y - a +0 hand axe of chaos (weapon)
Armour
 a - a +0 scale mail (worn)
 b - a +2 hat of see invisible (worn)
Jewellery
 l - a ring of see invisible
Scrolls
 c - a scroll of identify
Potions
 d - a potion of attraction {unknown}
 e - a potion of might
 i - 2 potions of curing

Dungeon Overview and Level Annotations

Branches:
Dungeon (4/15)
 Temple: D:4-7

Altars:

Annotations:
D:4 Eustachio


Message History

You hit the ufetubus.
Lightning courses through the ufetubus!!
You kill the ufetubus!
The ufetubus disappears in a puff of smoke!
You hit the quasit but do no damage. You closely miss the shadow imp.
The shadow imp hits you but does no damage.
You miss Eustachio. Your kick misses Eustachio.
You peck Eustachio, but do no damage.
Eustachio is heavily wounded.
You hit the shadow imp.
Eustachio mumbles some strange words.
The shadow imp hits you.
You hit Eustachio.
Space warps around Eustachio.
Your peck misses Eustachio.
Eustachio is severely wounded.
You hit the shadow imp. You hit the quasit but do no damage.
You hit the ufetubus.
Eustachio mumbles some strange words.
Eustachio blinks!
The shadow imp hits you.
The ufetubus hits you but does no damage. x2
You slash the shadow imp!
You kill the shadow imp!
The shadow imp disappears in a puff of smoke!
You catch the helpless quasit completely off-guard!
You hit the quasit but do no damage. You miss the ufetubus.
The quasit disappears in a puff of smoke!
The ufetubus closely misses you. The ufetubus barely misses you.
Eustachio casts a spell.
Eustachio blinks!
You miss the ufetubus. Your kick misses the ufetubus.
Your peck misses the ufetubus.
The ufetubus is lightly wounded.
The ufetubus misses you. The ufetubus barely misses you.
The ufetubus hits you but does no damage.
The ufetubus hits you.
You hit the ufetubus.
You claw the ufetubus, but do no damage.
The ufetubus is heavily wounded.
The ufetubus hits you but does no damage.
The ufetubus hits you.
You die...

########.....####.........#
##...####.........#
###..###...........#
##.....#....#.......##
#......¤...##........#
##....5##.###.....#..#
##...####.[..#...#.###
##..¤.....<[#.......#
#....¤@....#.....###
##.##.#5...).....# ##
#####.....#### #..#..#
#######


You could see an ufetubus (summoned).

Vanquished Creatures
  A jelly (D:4)
  2 orc priests
  A hound (D:4)
  4 adders
  A worm (D:3)
  2 dart slugs
  8 orcs
  4 bats
  6 endoplasms
  4 giant cockroaches
  3 goblins
  7 hobgoblins
  2 kobolds
  3 quokkas (D:1)
  4 ball pythons
  3 frilled lizards
  3 rats
58 creatures vanquished.

Notes
Turn   | Place    | Note
-------+----------+-------------------------------------------
     0 | D:1      | qw the Tengu Warper began the quest for the Orb.
     0 | D:1      | Reached XP level 1. HP: 12/12 MP: 4/4
     0 | D:1      | 0 ||| qw: Version: 0.1-a-89-g26bdef1
     0 | D:1      | 0 ||| qw: Game counter: 1059
     0 | D:1      | 0 ||| qw: Always use a shield: true
     0 | D:1      | 0 ||| qw: God list: Okawaru
     0 | D:1      | 0 ||| qw: Allow faded altars: false
     0 | D:1      | 0 ||| qw: Do Orc after D:15 true
     0 | D:1      | 0 ||| qw: Do second Lair branch before Depths: true
     0 | D:1      | 0 ||| qw: Lair rune preference: random
     0 | D:1      | 0 ||| qw: Plans: Normal
     0 | D:1      | 0 ||| PLANNING D:1-11
   438 | D:1      | Reached XP level 2. HP: 16/17 MP: 6/6
   462 | D:1      | Reached skill level 3 in Axes
  1276 | D:1      | Reached XP level 3. HP: 21/21 MP: 7/7
  1431 | D:1      | 1431 ||| UPGRADING to +0 ring mail.
  1441 | D:1      | 1441 ||| DROPPING +0 leather armour.
  1442 | D:1      | 1442 ||| READING scroll labelled ZYRUACWEASI.
  1443 | D:1      | 1443 ||| DRINKING 3 viscous amethyst potions.
  1444 | D:1      | 1444 ||| DROPPING scroll of blinking.
  1653 | D:2      | Reached skill level 4 in Axes
  1654 | D:2      | 1654 ||| FLEEEEING.
  1656 | D:2      | 1656 ||| FLEEEEING.
  1657 | D:2      | 1657 ||| FLEEEEING.
  1658 | D:2      | 1658 ||| FLEEEEING.
  1659 | D:2      | 1659 ||| FLEEEEING.
  1660 | D:2      | 1660 ||| FLEEEEING.
  1661 | D:2      | 1661 ||| FLEEEEING.
  1662 | D:2      | 1662 ||| FLEEEEING.
  1663 | D:2      | 1663 ||| FLEEEEING.
  1664 | D:2      | 1664 ||| FLEEEEING.
  1665 | D:2      | 1665 ||| FLEEEEING.
  1666 | D:2      | 1666 ||| FLEEEEING.
  1667 | D:2      | 1667 ||| FLEEEEING.
  1669 | D:2      | 1669 ||| FLEEEEING.
  1670 | D:2      | 1670 ||| FLEEEEING.
  1671 | D:2      | 1671 ||| FLEEEEING.
  1672 | D:2      | 1672 ||| FLEEEEING.
  1673 | D:2      | 1673 ||| FLEEEEING.
  1674 | D:2      | 1674 ||| FLEEEEING.
  1675 | D:2      | 1675 ||| FLEEEEING.
  1772 | D:2      | 1772 ||| DROPPING +0 whip.
  2490 | D:2      | 2490 ||| UPGRADING to +2 hat of see invisible.
  2495 | D:2      | 2495 ||| DROPPING ring of magical power.
  2496 | D:2      | 2496 ||| READING scroll labelled KEQAUTS TADAI.
  2497 | D:2      | 2497 ||| READING scroll labelled FEGY KITADOCK.
  2498 | D:2      | 2498 ||| DRINKING 2 fuming green potions.
  2499 | D:2      | 2499 ||| DRINKING 2 bubbling amethyst potions.
  2500 | D:2      | 2500 ||| DRINKING 2 glowing orange potions.
  2501 | D:2      | 2501 ||| DROPPING potion of degeneration.
  2502 | D:2      | 2502 ||| DROPPING potion of flight.
  2747 | D:3      | Reached XP level 4. HP: 22/26 MP: 8/8
  2794 | D:3      | 2794 ||| Stepping ~*~*~tactically~*~*~ (stealth).
  2796 | D:3      | 2796 ||| Stepping ~*~*~tactically~*~*~ (stealth).
  2968 | D:3      | HP: 5/26 [orc/+0 trident (2)]
  2969 | D:3      | Reached skill level 5 in Axes
  3454 | D:3      | Gained mutation: Your magical nature lets you fly swiftly
                  | and evasively. [Tengu growth]
  3454 | D:3      | Reached XP level 5. HP: 30/30 MP: 9/9
  3686 | D:3      | 3686 ||| DROPPING scarf of harm.
  3687 | D:3      | 3687 ||| DROPPING +6 ring of intelligence.
  3688 | D:3      | 3688 ||| READING scroll labelled SOITEU MUKI.
  3692 | D:3      | 3692 ||| READING scroll labelled LOXKAD GEPN.
  3726 | D:4      | Reached skill level 6 in Axes
  3726 | D:4      | 3726 ||| STAIRDANCE
  3915 | D:4      | 3915 ||| Stepping ~*~*~tactically~*~*~ (stealth).
  3917 | D:4      | 3917 ||| Stepping ~*~*~tactically~*~*~ (hiding).
  3919 | D:4      | 3919 ||| Stepping ~*~*~tactically~*~*~ (hiding).
  4057 | D:4      | Noticed Eustachio
  4058 | D:4      | 4058 ||| Stepping ~*~*~tactically~*~*~ (stealth).
  4064 | D:4      | Reached XP level 6. HP: 35/35 MP: 10/10
  4088 | D:4      | 4088 ||| FLEEEEING.
  4091 | D:4      | 4091 ||| FLEEEEING.
  4092 | D:4      | 4092 ||| FLEEEEING.
  4093 | D:4      | 4093 ||| FLEEEEING.
  4094 | D:4      | 4094 ||| FLEEEEING.
  4095 | D:4      | 4095 ||| FLEEEEING.
  4096 | D:4      | 4096 ||| FLEEEEING.
  4097 | D:4      | 4097 ||| FLEEEEING.
  4100 | D:4      | 4100 ||| FLEEEEING.
  4101 | D:4      | 4101 ||| FLEEEEING.
  4102 | D:4      | 4102 ||| FLEEEEING.
  4103 | D:4      | 4103 ||| FLEEEEING.
  4104 | D:4      | 4104 ||| FLEEEEING.
  4105 | D:4      | 4105 ||| FLEEEEING.
  4106 | D:4      | 4106 ||| FLEEEEING.
  4109 | D:4      | 4109 ||| FLEEEEING.
  4110 | D:4      | 4110 ||| FLEEEEING.
  4111 | D:4      | 4111 ||| FLEEEEING.
  4112 | D:4      | 4112 ||| FLEEEEING.
  4115 | D:4      | 4115 ||| FLEEEEING.
  4116 | D:4      | 4116 ||| FLEEEEING.
  4117 | D:4      | 4117 ||| STAIRDANCE
  4186 | D:3      | 4186 ||| UPGRADING to +0 scale mail.
  4196 | D:3      | 4196 ||| DROPPING +0 ring mail.
  4219 | D:4      | 4219 ||| Stepping ~*~*~tactically~*~*~ (hiding).
  4241 | D:4      | HP: 8/35 [shadow imp[Eustachio] (3)]
  4245 | D:4      | Slain by an ufetubus

Levels and vault maps discovered:
D:1:      erik_arrival_triangle_medium, layout_basic, kennysheep_pointless_box
D:2:      minmay_general_purpose_star, layout_basic
D:3:      layout_loops_ring
D:4:      layout_cave_pools, guppyfry_early_orc_mine, uniq_eustachio,
          uniq_robin, uniq_natasha

Skill      XL: |  1  2  3  4  5 |
---------------+----------------+-----
Axes           | 3 4 5 6 |  6.6
Fighting       | |  2.0
Throwing       | |  1.0
Armour         | |  1.1
Dodging        | |  2.1
Spellcasting   | |  2.0
Translocations | |  2.4

Action                   |  1- 3 |  4- 6 || total
-------------------------+-------+-------++-------
Melee: Hand axe          |    91 |   108 ||   199
       Kick              |    26 |    27 ||    53
       Peck              |    12 |    20 ||    32
       Punch             |       |     1 ||     1
Throw: Boomerang         |     7 |       ||     7
  Use: Potion            |     4 |       ||     4
       Scroll            |     3 |     2 ||     5
 Stab: Confused          |       |     1 ||     1
Armor: Leather armour    |    17 |       ||    17
       Ring mail         |    15 |    22 ||    37
       Scale mail        |       |    44 ||    44
Dodge: Dodged            |    46 |    82 ||   128

Table legend:
 A = Non-vault XP
 B = Vault XP
 C = Vault XP percentage of total XP
 D = Non-vault monster count
 E = Vault monster count
 F = Vault count percentage of total count
                 A         B        C        D         E       F
            +---------+---------+-------+---------+---------+-------
      Total |     301 |      23 |   7.1 |      54 |       5 |   8.5
            +---------+---------+-------+---------+---------+-------
        D:1 |      35 |       0 |   0.0 |      19 |       0 |   0.0
        D:2 |      19 |      17 |  47.2 |       5 |       3 |  37.5
        D:3 |     111 |       0 |   0.0 |      22 |       0 |   0.0
        D:4 |     136 |       6 |   4.2 |       8 |       2 |  20.0
            +---------+---------+-------+---------+---------+-------
